AoeStats
← ricardo.412

Yucatan

510855171Analyzed
2v2 RM · 22h ago on Oct 2, 2026· 37m 24s· 4 players
Game mode
Random Map
Map size
Medium (4 player)
Population
200
Speed
Normal
Resources
Standard
Victory
Conquest
Starting age
Dark Age
Ending age
Imperial Age
RankedLock teamsTeams togetherTeam positionsShared explorationLock speedFull tech treeHidden civsTurbo modeCheats
Victory
Defeat
🇨🇱 Spanish · Chile
888
+11
🇨🇱 Franks · Chile
786
+24
🇧🇷 Byzantines · Brazil
780
-13
🇪🇸 Franks · Spain
753
-12
®[lobatera]
0:30 Loom
12:40 Feudal Age
13:14 Double-Bit Axe
13:12 Horse Collar
17:00 Gold Mining
17:33 Stone Mining
20:43 Castle Age
21:00 Arson
27:19 Pikeman
28:00 Squires
j.santosddd
1:49 Loom
12:03 Feudal Age
21:04 Castle Age
35:25 Double-Bit Axe
kito
7:53 Loom
9:55 Feudal Age
8:44 Loom
10:43 Double-Bit Axe
17:47 Horse Collar
18:52 Scale Barding Armor
18:58 Forging
22:40 Castle Age
21:06 Scale Mail Armor
22:44 Wheelbarrow
23:54 Bloodlines
24:43 Husbandry
24:54 Light Cavalry
25:23 Pikeman
27:31 Chain Barding Armor
27:46 Iron Casting
29:50 Hand Cart
36:57 Imperial Age
34:43 Bow Saw
35:10 Gold Mining
35:10 Stone Mining
36:20 Town Watch
36:57 Chain Mail Armor
37:03 Cavalier
ricardo.412
3:38 Loom
9:42 Feudal Age
10:28 Loom
11:19 Wheelbarrow
11:00 Double-Bit Axe
20:46 Castle Age
19:09 Gold Mining
19:10 Stone Mining
21:34 Caravan
22:04 Coinage
23:52 Bow Saw
23:44 Pikeman
25:09 Forging
25:06 Scale Barding Armor
25:53 Gold Shaft Mining
25:29 Squires
25:55 Husbandry
38:05 Imperial Age
Connection lost

Rejoining the realm…

Still unreachable

The connection could not be restored.

Session expired

The server has moved on; the page needs a fresh start.